 Dungeon Crawl Stone Soup version 0.26.1-11-gd32895ea62 (webtiles) character file.

Game seed: 14708763094707256014

99080 zorgos the Bludgeoner (level 15, 0/143 HPs)
             Began as a Minotaur Fighter on June 10, 2021.
             Was the Champion of Qazlal.
             Slain by a water elemental (30 damage)
             ... on level 1 of the Shoals on June 12, 2021.
             The game lasted 02:23:08 (24586 turns).

zorgos the Bludgeoner (Minotaur Fighter)           Turns: 24586, Time: 02:23:09

Health: 0/143      AC: 36    Str: 26      XL:     15   Next: 76%
Magic:  0/23       EV: 15    Int:  5      God:    Qazlal [******]
Gold:   1113       SH:  0    Dex: 10 (11) Spells: 26/26 levels left

rFire    . . .     SeeInvis .   B - +6 morningstar (protect)
rCold    + + .     Faith    .   c - +0 kite shield
rNeg     . . .     Spirit   +   K - +0 ice dragon scales
rPois    +         Reflect  .   W - +2 hat {Will+}
rElec    .         Harm     .   g - +1 cloak
rCorr    .         Rampage  +   C - +0 pair of gloves
Will     ++...                  G - +2 pair of boots {rampage}
Stlth    ..........             J - amulet of guardian spirit
HPRegen  0.33/turn              D - ring of protection from fire
MPRegen  0.18/turn              R - ring of poison resistance

@: mighty, sleeping, protected from physical damage, protection aura,
mesmerised, hasted, repel missiles
A: retaliatory headbutt, horns 2, rugged brown scales 1, wild magic 1
a: Renounce Religion, Upheaval, Elemental Force, Disaster Area


You were on level 1 of the Shoals.
You worshipped Qazlal.
Qazlal was exalted by your worship.
You visited 6 branches of the dungeon, and saw 23 of its levels.

You collected 1293 gold pieces.
You spent 180 gold pieces at shops.

Inventory:

Hand Weapons
 B - a +6 morningstar of protection (weapon)
 I - the +9 trident "Itys" {holy, rPois rF- Int+3}
   (You found it on level 8 of the Dungeon)

   It has been blessed by the Shining One to cause great damage to the undead
   and demons.
   It affects your intelligence (+3).
   It makes you vulnerable to fire.
   It protects you from poison.
 N - a +1 morningstar of holy wrath
 V - a +1 dire flail of venom
Armour
 c - a +0 kite shield (worn)
 g - a +1 cloak (worn)
 r - a +0 tower shield
 y - a +0 ring mail of fire resistance
 C - a +0 pair of gloves (worn)
 G - a +2 pair of boots of rampaging (worn)
 K - +0 ice dragon scales (worn)
 M - the +1 leather armour "Pega Yfuji" {*Corrode rPois rC- Dex+4}
   (You found it on level 6 of the Lair of Beasts)

   It affects your dexterity (+4).
   It makes you vulnerable to cold.
   It protects you from poison.
   It may corrode you when you take damage.
 W - a +2 hat of willpower (worn)
Jewellery
 b - a +4 ring of evasion
 o - an uncursed amulet of reflection
 w - an uncursed ring of resist corrosion
 D - a ring of protection from fire (left hand)
 E - an uncursed ring of protection from cold
 J - an amulet of guardian spirit (around neck)
 L - an uncursed ring of wizardry
 O - an uncursed ring of flight
 R - a ring of poison resistance (right hand)
 Y - a +6 ring of intelligence
 Z - an uncursed ring of fire
Wands
 a - a wand of enslavement (13)
 j - a wand of random effects (47)
 k - a wand of paralysis (7)
 s - a wand of iceblast (24)
 T - a wand of acid (21)
 X - a wand of digging (9)
Scrolls
 f - a scroll of identify
 h - 6 scrolls of teleportation
 l - a scroll of fog
 m - 2 scrolls of amnesia
 n - 9 scrolls of remove curse
 p - 5 scrolls of magic mapping
 H - 2 scrolls of fear
 P - 2 scrolls of enchant armour
Potions
 d - 2 potions of might
 e - 3 potions of ambrosia
 i - 5 potions of mutation
 q - 4 potions of lignification
 v - 3 potions of brilliance
 x - a potion of flight
 z - 3 potions of curing
 S - a potion of haste
 U - a potion of cancellation
Miscellaneous
 F - a condenser vane
 Q - a phial of floods


   Skills:
 + Level 14.8 Fighting
 + Level 15.2 Maces & Flails
 + Level 14.7 Armour
 + Level 11.7 Dodging
 + Level 14.8 Shields
 + Level 6.1 Spellcasting


You had 26 spell levels left.
You didn't know any spells.
Your spell library contained the following spells:

 Spells                   Type           Power        Failure   Level
 Foxfire                  Conj/Fire      8%           61%         1
 Magic Dart               Conj           8%           61%         1
 Sandblast                Erth           4%           61%         1
 Blink                    Tloc           N/A          73%         2
 Call Imp                 Summ           2%           73%         2
 Slow                     Hex            2%           73%         2
 Conjure Flame            Conj/Fire      2%           91%         3
 Mephitic Cloud           Conj/Pois/Air  2%           91%         3
 Stone Arrow              Conj/Erth      4%           91%         3
 Sticky Flame             Conj/Fire      2%           100%        4
 Summon Lightning Spire   Summ/Air       2%           100%        4
 Borgnjor's Vile Clutch   Necr/Erth      1%           100%        5
 Silence                  Hex/Air        1%           100%        5
 Conjure Ball Lightning   Conj/Air       1%           100%        6
 Statue Form              Tmut/Erth      1%           100%        6
 Tornado                  Air            1%           100%        9


Dungeon Overview and Level Annotations

Branches:
Dungeon (12/15)            Temple (1/1) D:7            Lair (6/6) D:11
 Shoals (1/4) Lair:4       Spider (2/4) Lair:4        Slime (1/5) Lair:5
    Orc: D:9-12

Altars:
Ashenzari
Cheibriados
Dithmenos
Elyvilon
Fedhas
Gozag
Hepliaklqana
Kikubaaqudgha
Makhleb
Nemelex Xobeh
Okawaru
Qazlal
Ru
Sif Muna
Trog
Uskayaw
Vehumet
Wu Jian
Xom
Yredelemnul
Zin
The Shining One

Shops:
D:4 *   D:11 !

Annotations:
Lair:4 exclusion: 3 oklob plants


Innate Abilities, Weirdness & Mutations

You reflexively headbutt those who attack you in melee.
You have a pair of horns on your head.
You are partially covered in rugged brown scales. (AC +1, +3% HP)
Your spells are a little harder to cast, but a little more powerful.


Message History

You impale the merfolk aquamancer!!
The merfolk aquamancer is heavily wounded.
You hear a screech!
The water elemental is engulfed in blazing flames.
You block the water elemental's attack.
The merfolk siren chants its luring song.
You closely miss the merfolk aquamancer.
You headbutt the merfolk aquamancer!!
The merfolk aquamancer is severely wounded.
The merfolk impaler hits you but does no damage.
You block the dream sheep's attack.
The merfolk aquamancer gestures at you while chanting.
The shard of ice misses you.
The shard of ice misses the dream sheep.
The shard of ice hits the dream sheep!!
The dream sheep dies!
The dream sheep shake their wool and sparkle.
You feel drowsy...
You fall asleep.
The water elemental hits you!!
You die...

≈≈≈≈≈.Y≈≈≈≈≈≈≈≈≈
≈≈≈≈≈≈≈≈≈≈≈......†≈≈≈≈≈≈≈
≈≈≈≈≈≈≈≈≈≈≈...####.≈)≈≈≈≈≈
≈≈≈≈≈≈≈≈.≈≈≈.. #.)≈≈≈≈≈≈
≈≈≈≈≈≈≈.≈.... ###...≈...≈
≈≈≈≈≈≈≈≈≈...## ##≈C.......≈
≈≈≈≈≈≈≈≈.○.m.####Y≈m≈≈≈..≈≈≈
≈≈≈≈≈≈≈≈°.EmE##.≈≈≈≈≈≈≈≈..≈≈
≈≈≈≈≈≈≈≈§†Y@mYm.≈≈≈≈......≈≈
≈≈≈≈≈≈≈≈.°###C......##..##[≈
≈≈≈≈≈≈≈≈...##..###### ..# .≈
≈≈≈≈≈P≈≈≈..Pm### ....
≈≈≈≈≈≈P≈≈≈....# ...
≈≈≈≈≈≈P.......#
≈≈≈≈≈≈P.....P.#
≈≈≈≈≈PPP≈.P..##
≈≈≈≈≈≈≈P≈≈...#


You could see a merfolk impaler, 2 merfolk aquamancers, a cyclops, 2 water
elementals, a merfolk siren (mesmerising) and 2 dream sheep.

Vanquished Creatures
  Arachne (Spider:1)
  Gastronok (D:11)
  Louise (Spider:1)
  An emperor scorpion (Spider:1)
  A ghost moth (Spider:1)
  Azrael (Spider:1)
  A spark wasp (Spider:1)
  6 hydras
  4 boulder beetles
  A merfolk avatar (Shoals:1)
  2 two-headed ogres
  2 catoblepae
  10 death yaks (Lair:6)
  2 sea snakes (Shoals:1)
  12 orb spiders (Spider:1)
  10 wolf spiders
  2 oklob plants (Lair:5)
  2 manticores
  17 elephants
  6 black mambas
  A water nymph (Shoals:1)
  22 cane toads
  2 centaur skeletons (D:10)
  Maggie (D:10)
  A kobold demonologist (D:12)
  5 demonic crawlers
  2 rime drakes
  13 komodo dragons
  2 trolls
  3 polar bears (Lair:6)
  16 jumping spiders
  2 wind drakes
  3 merfolk (Shoals:1)
  Grinder (D:5)
  4 hornets
  21 blink frogs
  3 dream sheep
  4 slime creatures (Lair:5)
  12 spriggans (Lair:6)
  11 tarantellas (Spider:1)
  42 yaks
  2 water elementals (Shoals:1)
  A basilisk (Lair:2)
  32 redbacks
  A fire elemental (Spider:1)
  6 wyverns
  A steam dragon (D:8)
  Menkaure (D:5)
  2 hell hounds (Spider:1)
  24 water moccasins
  Duvessa (D:6)
  3 orc warriors
  3 sky beasts
  5 ice beasts
  A necrophage (D:11)
  8 boggarts
  3 black bears
  8 ogres
  A phantom (D:9)
  54 wolves
  7 centaurs
  18 bullfrogs
  A gnoll sergeant (D:5)
  4 scorpions
  Dowan (D:6)
  4 killer bees (D:9)
  3 howler monkeys (D:11)
  12 wights
  9 electric eels
  5 jellies
  5 hounds
  4 bullfrog skeletons
  7 orc priests
  8 orc wizards
  Ijyb (D:5)
  3 iguanas
  9 worker ants
  A howler monkey skeleton (D:5)
  6 gnolls
  17 adders
  A shadow imp (D:5)
  14 white imps
  An adder zombie (D:6)
  2 adder skeletons
  4 worms
  4 dart slugs
  8 leopard geckos
  42 orcs
  5 giant cockroaches
  5 goblins
  7 hobgoblins
  8 jackals
  8 kobolds
  2 quokkas
  9 bats
  6 frilled lizards
  A giant cockroach zombie (D:5)
  4 rats
667 creatures vanquished.

Vanquished Creatures (others)
  A wolf spider (Spider:1)
  A demonic crawler (Spider:1)
  A dream sheep (Shoals:1)
  4 bushes (Lair:6)
  40 fungi
  109 plants
156 creatures vanquished.

Grand Total: 823 creatures vanquished

Notes
Turn   | Place    | Note
-------+----------+-------------------------------------------
     0 | D:1      | zorgos the Minotaur Fighter began the quest for the Orb.
     0 | D:1      | Reached XP level 1. HP: 19/19 MP: 0/0
   136 | D:1      | Reached XP level 2. HP: 26/27 MP: 1/1
   526 | D:1      | Reached XP level 3. HP: 33/33 MP: 2/2
   988 | D:3      | Reached skill level 3 in Maces & Flails
   997 | D:3      | Reached XP level 4. HP: 26/41 MP: 3/3
  1177 | D:4      | Reached skill level 4 in Maces & Flails
  1360 | D:5      | Entered Level 5 of the Dungeon
  1365 | D:5      | Reached XP level 5. HP: 45/47 MP: 4/4
  1413 | D:5      | Reached skill level 5 in Maces & Flails
  1428 | D:5      | Reached XP level 6. HP: 7/53 MP: 5/5
  1570 | D:5      | Noticed Menkaure
  1646 | D:4      | Reached skill level 5 in Shields
  1789 | D:4      | Reached skill level 6 in Maces & Flails
  1826 | D:4      | Reached skill level 1 in Dodging
  1837 | D:5      | Noticed Ijyb
  1844 | D:5      | Killed Ijyb
  1871 | D:5      | Found a stormy altar of Qazlal.
  1874 | D:5      | Found an ornate altar of the Wu Jian Council.
  1879 | D:5      | Became a worshipper of Qazlal Stormbringer
  2454 | D:2      | Reached * piety under Qazlal
  2566 | D:2      | Reached XP level 7. HP: 55/60 MP: 6/6
  3179 | D:3      | Reached skill level 5 in Fighting
  3623 | D:4      | Reached skill level 5 in Armour
  3644 | D:4      | Found a shimmering blue altar of Sif Muna.
  3683 | D:4      | Found Looqatsi's General Store.
  3958 | D:5      | Reached skill level 7 in Maces & Flails
  4030 | D:5      | Noticed Grinder
  4044 | D:5      | Paralysed by Grinder for 7 turns
  4061 | D:5      | Paralysed by Grinder for 4 turns
  4067 | D:5      | Killed Grinder
  4295 | D:5      | Reached XP level 8. HP: 67/70 MP: 7/7
  4327 | D:5      | Reached ** piety under Qazlal
  4580 | D:5      | Killed Menkaure
  4836 | D:5      | Reached skill level 8 in Maces & Flails
  4854 | D:5      | Found a sacrificial altar of Ru.
  5343 | D:6      | Noticed Duvessa
  5343 | D:6      | Noticed Dowan
  5509 | D:6      | Killed Dowan
  5521 | D:6      | Killed Duvessa
  5544 | D:6      | Identified the cursed +1 scale mail of Dishonour {*Contam
                  | rC- rCorr Slay+5}
  5550 | D:6      | Reached XP level 9. HP: 61/79 MP: 8/8
  5803 | D:6      | Reached skill level 9 in Maces & Flails
  7386 | D:7      | Found a sacrificial altar of Ru.
  7537 | D:7      | Reached *** piety under Qazlal
  7561 | D:7      | Found a staircase to the Ecumenical Temple.
  7611 | Temple   | Entered the Ecumenical Temple
  8289 | D:8      | Got a crystal trident
  8290 | D:8      | Identified the +9 trident "Itys" {holy, rPois rF- Int+3}
                  | (You found it on level 8 of the Dungeon)
  8842 | D:8      | Reached XP level 10. HP: 77/90 MP: 9/9
  9015 | D:9      | Reached skill level 10 in Maces & Flails
  9061 | D:9      | Reached **** piety under Qazlal
  9576 | D:10     | Entered Level 10 of the Dungeon
  9884 | D:10     | Noticed a two-headed ogre
  9892 | D:10     | Killed a two-headed ogre
 10032 | D:10     | Reached skill level 10 in Shields
 10327 | D:10     | Noticed Maggie
 10334 | D:10     | Killed Maggie
 10335 | D:10     | Reached skill level 10 in Fighting
 10593 | D:11     | Found Gusoeh's Distillery.
 10598 | D:11     | Bought a potion of haste for 180 gold pieces
 10604 | D:11     | Reached skill level 10 in Armour
 10663 | D:11     | Reached XP level 11. HP: 91/99 MP: 8/10
 10673 | D:11     | Reached skill level 11 in Maces & Flails
 10700 | D:11     | Reached skill level 5 in Dodging
 10701 | D:11     | Reached ***** piety under Qazlal
 11195 | D:11     | Noticed a boulder beetle
 11210 | D:11     | Noticed Gastronok
 11641 | D:11     | Killed a boulder beetle
 11890 | D:11     | Noticed a two-headed ogre
 11896 | D:11     | Killed a two-headed ogre
 11954 | D:11     | Killed Gastronok
 12073 | D:11     | Found a staircase to the Lair.
 12083 | Lair:1   | Entered Level 1 of the Lair of Beasts
 12306 | Lair:1   | Noticed a seven-headed hydra
 12326 | Lair:1   | Killed a seven-headed hydra
 12327 | Lair:1   | Reached skill level 12 in Maces & Flails
 12327 | Lair:1   | Reached XP level 12. HP: 72/110 MP: 6/11
 12791 | Lair:1   | Identified Sif Muna's Compendium of the Volcanoes and
                  | Stones
 12924 | Lair:1   | Noticed an eight-headed hydra
 12928 | Lair:1   | Killed an eight-headed hydra
 12929 | Lair:1   | Reached skill level 1 in Spellcasting
 14049 | Lair:2   | Found a transporter.
 14050 | Lair:2   | Found a transporter.
 14050 | Lair:2   | Noticed a boulder beetle
 14050 | Lair:2   | Noticed a boulder beetle
 14095 | Lair:2   | Killed a boulder beetle
 14096 | Lair:2   | Killed a boulder beetle
 14778 | Lair:3   | Reached XP level 13. HP: 118/118 MP: 16/16
 14833 | Lair:3   | Reached skill level 13 in Maces & Flails
 14890 | Lair:3   | Reached ****** piety under Qazlal
 16112 | Lair:4   | Found a staircase to the Shoals.
 16525 | Lair:4   | Found a hole to the Spider Nest.
 16546 | Spider:1 | Entered Level 1 of the Spider Nest
 17401 | Lair:5   | Found a staircase to the Slime Pits.
 17626 | Slime:1  | Entered Level 1 of the Pits of Slime
 17626 | Slime:1  | Noticed an acid blob
 17630 | Slime:1  | Noticed an acid blob
 17647 | Lair:5   | Reached XP level 14. HP: 51/129 MP: 11/19
 18588 | Lair:6   | Entered Level 6 of the Lair of Beasts
 19186 | Lair:6   | Reached skill level 10 in Dodging
 19369 | Lair:6   | Got a dazzling leather armour
 19382 | Lair:6   | Identified the +1 leather armour "Pega Yfuji" {*Corrode
                  | rPois rC- Dex+4} (You found it on level 6 of the Lair of
                  | Beasts)
 19430 | Lair:6   | Reached skill level 14 in Maces & Flails
 19509 | Lair:6   | Gained mutation: Your spells are a little harder to cast,
                  | but a little more powerful. [potion of mutation]
 19509 | Lair:6   | Gained mutation: You are partially covered in rugged brown
                  | scales. (AC +1, +3% HP) [potion of mutation]
 19756 | Lair:6   | Reached skill level 5 in Spellcasting
 21160 | Spider:1 | Reached XP level 15. HP: 73/142 MP: 16/22
 21656 | Spider:1 | Noticed Louise
 21719 | Spider:1 | Killed Louise
 23234 | Spider:2 | Noticed Azrael
 23279 | Spider:1 | Reached skill level 15 in Maces & Flails
 23299 | Spider:2 | Noticed Arachne
 23331 | Spider:1 | Killed Arachne
 23801 | Spider:1 | Killed Azrael
 23908 | Spider:1 | HP: 6/143 [something (5)]
 24403 | Spider:1 | Killed a ghost moth
 24503 | Shoals:1 | Entered Level 1 of the Shoals
 24586 | Shoals:1 | Slain by a water elemental

Illustrated notes

Levels and vault maps discovered:
D:1:      dpeg_arrival_arbitrary_a, layout_loops_ring, hangedman_decor_points
D:2:      layout_basic
D:3:      layout_loops_ring, dk_noncrumbling_4, palyth_stone_intersect
D:4:      layout_rooms, marbit_many_paths, serial_shops, nicolae_shop_waterfront
D:5:      minmay_angry_zag, layout_loops_ring,
          chequers_temple_overflow_statue_of_worship, nicolae_ru_awakened_eye,
          uniq_ijyb, uniq_grinder, uniq_menkaure
D:6:      layout_loops_ring, serial_bayou, serial_bayou_pond_e,
          serial_bayou_ford_a, serial_bayou_pond_d, serial_bayou_shore_a,
          uniq_duvessa
D:7:      layout_cave_pools, old_standard_altar, minmay_temple_entry_mini_moons
D:8:      layout_loops_corners
D:9:      layout_cave_pools
D:10:     layout_roguey, uniq_maggie
D:11:     layout_irregular_city, lair_entry_dummy, serial_shops,
          kennysheep_little_box, serial_park_tiny_2, grunt_decor_arrowhead,
          uniq_gastronok
D:12:     layout_basic, orc_0_dummy, gauntlet_entry_generic
Temple:   regret_index_temple_mists
Lair:1:   layout_cave_pods, chequers_serial_rivers_micro_c,
          infiniplex_staircase_pool, grunt_megastairs_2
Lair:2:   gammafunk_boulding_lane, layout_gridlike, beast_lair_carwin_10
Lair:3:   layout_gridlike, grunt_megastairs_4
Lair:4:   layout_cave_pods, minmay_shoals_entry_beasts, spider_nest_entry_webs,
          portal_ice_cave_entry_imps, kilobyte_rumbling_trees,
          minmay_lair_oklob_chamber
Lair:5:   layout_regular_city, minmay_slime_entry_oklob_open,
          serial_bayou_lake_a
Lair:6:   minmay_lair_end_enchanted_forest, layout_concentric_octagons
Shoals:1: layout_shoals, uniq_josephine
Spider:1: layout_spider_delve, uniq_louise
Spider:2: gammafunk_sealed_arena, uniq_azrael, uniq_arachne
Slime:1:  layout_caves

Skill      XL: |  1  2  3  4  5  6  7  8  9 10 11 12 13 14 15 |
---------------+----------------------------------------------+-----
Shields        | 4 5 6 7 9 10 11 12 13 14 | 14.8
Fighting       | 4 5 7 8 10 11 12 13 14 | 14.8
Armour         | 4 5 7 8 10 11 12 13 14 | 14.7
Maces & Flails | 3 4 5 6 7 8 9 10 12 13 14 15 | 15.2
Dodging        | 1 4 6 8 9 10 11 | 11.7
Spellcasting   | 2 4 5 6 |  6.1

Action                   |  1- 3 |  4- 6 |  7- 9 | 10-12 | 13-15 || total
-------------------------+-------+-------+-------+-------+-------++-------
Melee: Flail             |    64 |   150 |   360 |    64 |       ||   638
       Headbutt          |     9 |    25 |    69 |   135 |   284 ||   522
       Morningstar       |       |       |       |   516 |  1297 ||  1813
  Use: Potion            |       |     5 |     1 |     1 |     6 ||    13
       Scroll            |       |       |    16 |     5 |    14 ||    35
Armor: Scale mail        |    24 |    45 |    69 |     5 |       ||   143
       Ice dragon scales |       |       |       |   166 |   243 ||   409
       Leather armour    |       |       |       |       |   120 ||   120
Dodge: Dodged            |    21 |    34 |    61 |   149 |   525 ||   790
       Repelled          |       |       |       |     4 |    10 ||    14
Block: Kite shield       |    29 |   135 |   294 |   516 |  1359 ||  2333
       Reflection        |       |     4 |    12 |     1 |       ||    17
